 Dungeon Crawl Stone Soup version 0.26.0-10-g1f06aea511 (webtiles) character file.

Game seed: 4596364256343473223

35 Borgoz the Slasher (level 3, -5/30 HPs)
             Began as a Ghoul Gladiator on Jan 13, 2021.
             Slain by a worm (8 damage)
             ... while paralysed
             ... on level 2 of the Dungeon.
             The game lasted 00:01:24 (1109 turns).

Borgoz the Slasher (Ghoul Gladiator)                Turns: 1109, Time: 00:01:25

Health: -5/30      AC:  4    Str: 16 (18) XL:     3   Next: 33%
Magic:  2/2        EV:  2    Int:  0 (3)  God:
Gold:   11         SH:  0    Dex: 13 (16) Spells: 2/2 levels left

rFire    . . .     SeeInvis .   a - +0 long sword
rCold    + . .     Faith    .   (no shield)
rNeg     + + +     Spirit   .   b - +0 leather armour
rPois    ∞         Reflect  .   c - +0 helmet
rElec    .         Harm     .   (no cloak)
rCorr    .         Rampage  .   (no gloves)
Will     .....                  (no boots)
Stlth    +.........             (no amulet)
HPRegen  0.00/turn              l - +6 ring of dexterity
MPRegen  0.08/turn              (no ring)

@: paralysed, slowed, lost intelligence
A: claws 1, cold resistance 1, negative energy resistance 3, inhibited
regeneration, torment resistance, unbreathing
a: no special abilities


You were on level 2 of the Dungeon.
You visited 1 branch of the dungeon, and saw 2 of its levels.

You collected 11 gold pieces.

Inventory:

Hand Weapons
 a - a +0 long sword (weapon)
Missiles
 d - 3 throwing nets (quivered)
Armour
 b - a +0 leather armour (worn)
 c - a +0 helmet (worn)
Jewellery
 l - a +6 ring of dexterity (left claw)
Scrolls
 g - 2 scrolls of remove curse
 h - 3 scrolls of amnesia {unknown}
 i - a scroll of teleportation {unknown}
 j - 4 scrolls of identify {unknown}
 n - a scroll of enchant armour {unknown}
 p - a scroll of magic mapping {unknown}
Potions
 e - a potion of degeneration
 k - a potion of lignification {unknown}
 m - a potion of might {unknown}
 o - a potion of heal wounds {unknown}


   Skills:
 + Level 2.7 Fighting
 + Level 3.0 Long Blades
 - Level 1.7 Throwing
 + Level 1.1 Armour
 + Level 3.0 Dodging


You had 2 spell levels left.
You didn't know any spells.
Your spell library was empty.

Dungeon Overview and Level Annotations

Branches:
Dungeon (2/15)

Altars:


Innate Abilities, Weirdness & Mutations

You thrive by killing the living.
You are immune to poison.
You have sharp fingernails.
Your flesh is cold resistant. (rC+)
You are immune to negative energy. (rN+++)
You do not regenerate when monsters are visible.
You are immune to unholy pain and torment.
You can survive without breathing.


Message History

You are too injured to fight recklessly!
You are too injured to fight recklessly!
You are too injured to fight recklessly!
It was a potion of degeneration.
There was something very wrong with that liquid.
You feel weakened.
You feel dopey.
You feel clumsy. The kobold hits you.
* * * LOW HITPOINT WARNING * * *
The worm closely misses you.
It was a potion of mutation.
You feel extremely strange.
Your body decomposes!
You feel weakened.
Your body decomposes!
You feel dopey.
Your body decomposes!
You feel dopey.
You have lost your intelligence.
The kobold hits you.
* * * LOW HITPOINT WARNING * * *
The worm bites you!
You die...

#. .# #. #. #.#
#. #. ..... #.
#.#. #. >.. #.
#.# #.
###.####K####.#
#.
#...lgw@......#
#.
#.##.###..#####
##. #.(#######
#.. #........#
#.# ##.#####.#
#.#
##.####.#####.#
#.#
...........##.#
#.#
#########...#.#
#.#
#.#.#..######.#


You could see a worm, a leopard gecko, a goblin and a kobold.

Vanquished Creatures
  3 dart slugs (D:1)
  A leopard gecko (D:1)
  5 bats (D:1)
  A giant cockroach (D:2)
  3 goblins (D:1)
  4 hobgoblins
  2 jackals (D:1)
  2 frilled lizards (D:1)
  2 kobolds (D:1)
  2 rats (D:1)
25 creatures vanquished.

Notes
Turn   | Place    | Note
-------+----------+-------------------------------------------
     0 | D:1      | Borgoz the Ghoul Gladiator began the quest for the Orb.
     0 | D:1      | Reached XP level 1. HP: 17/17 MP: 0/0
   296 | D:1      | Reached XP level 2. HP: 25/25 MP: 1/1
   605 | D:1      | Reached skill level 1 in Armour
   622 | D:1      | Reached XP level 3. HP: 21/30 MP: 2/2
  1108 | D:2      | Lost intelligence.
  1109 | D:2      | Slain by a worm

Illustrated notes

Levels and vault maps discovered:
D:1:      lightli_arrival_lavapool, layout_loops_ring
D:2:      layout_loops_ring, st_stairs_13, uniq_jessica

Skill      XL: |  1  2 |
---------------+-------+-----
Long Blades    | 3 |  3.0
Armour         | 1 |  1.1
Dodging        | 3 |  3.0
Fighting       | |  2.7
Throwing       | |  1.7

Action                   || total
-------------------------++-------
Melee: Long sword        ||    74
  Use: Potion            ||     2
       Scroll            ||     1
Armor: Leather armour    ||    38
Dodge: Dodged            ||    56
       Rpst.: Long sword ||    18
